 Dungeon Crawl Stone Soup version 0.17.1-3-g152610e (webtiles) character file.

3397 manyhoops the Thaumaturge (level 9, -1/45 HPs)
             Began as a Deep Elf Ice Elementalist on Apr 13, 2016.
             Was a Priest of Sif Muna.
             Shot with an arrow by a centaur (4 damage)
             ... on level 9 of the Dungeon.
             The game lasted 00:37:54 (8793 turns).

manyhoops the Thaumaturge (DEIE)                    Turns: 8793, Time: 00:37:56

Health: -1/45      AC: 15    Str:  7    XL:     9   Next: 75%
Magic:  15/26      EV: 13    Int: 22    God:    Sif Muna [***...]
Gold:   182        SH:  0    Dex: 18    Spells: 6 memorised, 12 levels left

rFire  . . .     SeeInvis +     J - +2 dagger (venom)
rCold  . . .     Clarity  .     A - +1 robe of Oxkiopri {SInv}
rNeg   . . .     SustAt   .     (no shield)
rPois  .         Gourm    .     (no helmet)
rElec  .         Spirit   .     d - +0 cloak
rCorr  .         Warding  .     i - +2 pair of gloves
rMut   .         Stasis   .     v - +0 pair of boots
MR     .....                    (no amulet)
Stlth  ++++......               t - ring of stealth
                                D - +3 ring of dexterity

@: icy armour, not resistant to hostile enchantments, stealthy
A: no striking features
a: Channel Energy, Forget Spell, Renounce Religion


You were on level 9 of the Dungeon.
You worshipped Sif Muna.
Sif Muna was most pleased with you.
You were not hungry.

You visited 2 branches of the dungeon, and saw 10 of its levels.
You also visited: Sewer.

You collected 491 gold pieces.
You spent 309 gold pieces at shops.

Inventory:

Hand Weapons
 J - a +2 dagger of venom (weapon)
Armour
 d - a +0 cloak (worn)
 e - the +3 leather armour "Zeimaf" {Dex+3}
   (You bought it in a shop on level 4 of the Dungeon)

   It affects your dexterity (+3).
 i - a +2 pair of gloves (worn)
 v - a +0 pair of boots (worn)
 A - the +1 robe of Oxkiopri (worn) {SInv}
   (You found it on level 8 of the Dungeon)

   It lets you see invisible.
Jewellery
 a - an uncursed ring of ice {unknown}
 n - a +2 ring of evasion
 r - an uncursed ring of positive energy
 s - an uncursed ring of see invisible
 t - a ring of stealth (right hand)
 D - a +3 ring of dexterity (left hand)
 F - an uncursed amulet of stasis
Wands
 H - a wand of lightning (6)
 I - a wand of digging (16)
Scrolls
 f - a scroll of remove curse
 g - a scroll of amnesia
 o - a scroll of fear
 p - 5 scrolls of fog
 x - 2 scrolls of teleportation
 y - 4 scrolls of magic mapping
 C - a scroll of recharging
 K - 2 scrolls of identify
 M - a scroll of noise
 O - a scroll of enchant armour
Potions
 h - 3 potions of agility
 j - 4 potions of brilliance
 k - 9 potions of might
 l - a potion of ambrosia
 q - a potion of magic
 u - 2 potions of heal wounds
 w - 3 potions of curing
 B - a potion of haste
 L - 3 potions of poison
Books
 b - a book of Frost

   Spells                             Type                      Level
   a - Freeze                         Ice                          1
   b - Throw Frost                    Conjuration/Ice              2
   c - Ozocubu's Armour               Charms/Ice                   3
   d - Throw Icicle                   Conjuration/Ice              4
   e - Summon Ice Beast               Ice/Summoning                4
   f - Condensation Shield            Ice                          4
 G - a Necronomicon

   Spells                             Type                      Level
   a - Haunt                          Necromancy/Summoning         7
   b - Borgnjor's Revivification      Necromancy                   8
   c - Death's Door                   Charms/Necromancy            8
   d - Necromutation                  Transmutation/Necromancy     8
Comestibles
 c - 4 bread rations
 m - 5 slices of pizza
 z - 4 fruits
 E - 3 beef jerkies
 N - 6 chunks of flesh


   Skills:
 - Level 2.4 Dodging
 - Level 3.2 Stealth
 + Level 11.3 Spellcasting
 * Level 8.0 Conjurations
 - Level 1.4 Summonings
 + Level 9.2 Ice Magic


You had 12 spell levels left.
You knew the following spells:

 Your Spells              Type           Power        Failure   Level  Hunger
a - Freeze                Ice            ####         1%          1    None
b - Throw Frost           Conj/Ice       ######       1%          2    None
c - Ozocubu's Armour      Chrm/Ice       ####....     2%          3    None
d - Condensation Shield   Ice            ######....   1%          4    None
e - Throw Icicle          Conj/Ice       ######..     1%          4    None
f - Summon Ice Beast      Ice/Summ       #####...     8%          4    None


Dungeon Overview and Level Annotations

Branches:
Dungeon (9/15)             Temple (1/1) D:5
   Lair: D:8-11         Orc: D:9-12

Altars:
Ashenzari
Cheibriados
Dithmenos
Elyvilon
Fedhas
Gozag
Kikubaaqudgha
Makhleb
Nemelex Xobeh
Okawaru
Qazlal
Ru
Sif Muna
Trog
Vehumet
Xom
Yredelemnul
Zin
The Shining One

Shops:
D:4 [   D:7 *


Message History

Confirm with . or Enter, or press ? or * to list all spells.
A chill wind blows around you.
The centaur shoots an arrow.
The arrow barely misses you. What do you say? t - Shout!
Orders for allies: a - Attack new target. r - Retreat! s - Stop attacking. w - Wait here. f - Follow me.
Anything else - Stay silent.
Gang up on whom?
Press: ? - help, Dir - move target cursor, f - centaur
Aim: a centaur, wielding a shortbow of flaming Attack!
You hear a shout!
The centaur shoots an arrow.
The arrow hits you! The arrow burns you.
* * * LOW HITPOINT WARNING * * *
The centaur shoots an arrow.
The arrow hits you!
* * * LOW HITPOINT WARNING * * *
The arrow burns you.
You die...

# c .# #c########.##.##
........YY....$ ... #
#.###@#. #. #.# #
#..#.....#.## #.##...#
#......(....# #.##.#.#
###..#.####.# #.##)<.
#######'####.## ##.##.##
..............####......##
####........#.#...........
#........#.#.........##
#........#.#.........#


You could see a centaur and 2 friendly ice beasts.

Vanquished Creatures
  A black bear (D:6)
  2 ogres (D:6)
  3 giant frogs
  3 scorpions
  3 crimson imps
  2 centaur zombies
  3 jellies
  A centaur skeleton (D:5)
  3 hounds
  2 orc priests
  4 orc wizards
  4 worker ants
  A hound skeleton (D:6)
  A worker ant zombie (D:8)
  18 adders
  3 river rats
  3 oozes
  2 adder skeletons (D:4)
  6 worms
  8 giant geckos
  12 orcs
  15 ball pythons
  10 giant cockroaches
  8 goblins
  3 hobgoblins (D:3)
  2 jackals (D:4)
  4 kobolds
  2 quokkas
  9 bats
  8 giant newts
  A jackal skeleton (D:6)
  41 rats
188 creatures vanquished.

Vanquished Creatures (collateral kills)
  The ghost of barb4r1an the Skirmisher, a novice HOFi of Okawaru (D:6)
  Maurice (D:8)
  Joseph (D:7)
  A troll (D:9)
  4 yaks (D:9)
  A hippogriff (D:8)
  2 ice beasts
  Duvessa (D:7)
  2 eyes of draining (D:8)
  2 ogres
  A centaur (D:7)
  A giant frog (D:6)
  A big kobold (D:8)
  Dowan (D:7)
  2 hounds
  5 wights (D:7)
  2 orc priests (D:6)
  A gnoll shaman (D:8)
  2 hell rats (D:6)
  A worker ant (D:7)
  10 gnolls
  4 river rats (D:6)
  2 adders (D:8)
  A giant gecko (D:7)
  3 orcs (D:6)
  A giant gecko zombie (D:6)
  5 kobolds (D:8)
  A quokka skeleton (D:7)
  14 rats (D:6)
74 creatures vanquished.

Grand Total: 262 creatures vanquished

Notes
Turn   | Place    | Note
--------------------------------------------------------------
     0 | D:1      | manyhoops the Deep Elf Ice Elementalist began the quest for the Orb.
     0 | D:1      | Reached XP level 1. HP: 10/10 MP: 6/6
   262 | D:1      | Reached XP level 2. HP: 15/15 MP: 5/8
   276 | D:1      | Learned a level 2 spell: Throw Frost
   445 | D:1      | Reached skill level 4 in Ice Magic
   600 | D:1      | Reached XP level 3. HP: 12/19 MP: 10/10
   811 | D:1      | Noticed a troll
   855 | D:1      | Learned a level 3 spell: Ozocubu's Armour
  1041 | D:2      | Found a bloodstained altar of Trog.
  1736 | D:3      | Reached XP level 4. HP: 24/24 MP: 6/12
  1910 | D:3      | Reached skill level 5 in Spellcasting
  1910 | D:3      | Reached XP level 5. HP: 19/28 MP: 2/14
  2087 | D:3      | Found a shadowy altar of Dithmenos.
  2090 | D:3      | Found a glowing golden altar of the Shining One.
  2091 | D:3      | Found a sparkling altar of Nemelex Xobeh.
  2091 | D:3      | Found a shimmering altar of Xom.
  2095 | D:3      | Found an iron altar of Okawaru.
  2493 | D:3      | Learned a level 4 spell: Condensation Shield
  2499 | D:4      | Found Wouroym's Antique Armour Boutique.
  2511 | D:4      | Bought a jewelled leather armour for 189 gold pieces
  2521 | D:4      | Identified the +3 leather armour "Zeimaf" {Dex+3} (You bought it in a shop on level 4 of the Dungeon)
  2533 | D:4      | Noticed a phantom
  2591 | D:4      | Reached skill level 5 in Ice Magic
  2754 | D:4      | Reached XP level 6. HP: 24/32 MP: 12/16
  2759 | D:4      | Reached skill level 6 in Spellcasting
  2766 | D:4      | Found a glowing drain.
  2777 | Sewer    | Entered a sewer
  2861 | Sewer    | Learned a level 4 spell: Throw Icicle
  3638 | D:4      | Reached skill level 5 in Conjurations
  3638 | D:4      | Reached XP level 7. HP: 36/36 MP: 7/18
  3856 | D:4      | Found a shimmering altar of Xom.
  4052 | D:5      | Entered Level 5 of the Dungeon
  4175 | D:5      | Found an opulent altar of Gozag.
  4196 | D:5      | Found a staircase to the Ecumenical Temple.
  4255 | D:5      | Found a shattered altar of Ashenzari.
  4279 | Temple   | Entered the Ecumenical Temple
  4491 | Temple   | Became a worshipper of Sif Muna the Loreminder
  5182 | D:6      | Reached skill level 7 in Spellcasting
  5194 | D:6      | Reached XP level 8. HP: 37/41 MP: 7/21
  5278 | D:6      | Learned a level 4 spell: Summon Ice Beast
  5363 | D:6      | Noticed barb4r1an's ghost (novice HOFi)
  5409 | D:5      | You fall through a shaft for 3 floors!
  5446 | D:7      | Noticed Joseph
  5459 | D:8      | Reached * piety under Sif Muna
  5459 | D:8      | Reached skill level 8 in Spellcasting
  5574 | D:8      | Got an ominously black robe
  5585 | D:8      | Identified the +1 robe of Oxkiopri {SInv} (You found it on level 8 of the Dungeon)
  5958 | D:8      | Reached skill level 9 in Spellcasting
  5968 | D:8      | Noticed Maurice
  6275 | D:8      | Killed Maurice
  6275 | D:8      | Reached ** piety under Sif Muna
  6275 | D:8      | Reached skill level 1 in Summonings
  6599 | D:7      | Found Ucsost's Assorted Antiques.
  6607 | D:7      | Bought a shiny bone wand for 120 gold pieces
  6711 | D:7      | Killed Joseph
  6711 | D:7      | Reached XP level 9. HP: 29/45 MP: 4/24
  6729 | D:7      | Found a blossoming altar of Fedhas.
  6731 | D:7      | Found an ancient bone altar of Kikubaaqudgha.
  7049 | D:7      | Reached skill level 10 in Spellcasting
  7088 | D:7      | Noticed Dowan
  7137 | D:7      | Noticed Duvessa
  7137 | D:7      | Killed Dowan
  7145 | D:7      | Killed Duvessa
  8209 | D:6      | Killed barb4r1an's ghost
  8209 | D:6      | Reached *** piety under Sif Muna
  8508 | D:9      | Found a radiant altar of Vehumet.
  8549 | D:9      | Reached skill level 11 in Spellcasting
  8793 | D:9      | Shot with an arrow by a centaur

Action                   |  1- 3 |  4- 6 |  7- 9 || total
-------------------------+-------+-------+-------++-------
Melee: Unarmed           |     6 |       |       ||     6
       Dagger            |    50 |    14 |   132 ||   196
 Cast: Freeze            |    39 |   143 |   113 ||   295
       Throw Frost       |     5 |    15 |    17 ||    37
       Ozocubu's Armour  |       |     3 |    30 ||    33
       Summon Ice Beast  |       |       |    64 ||    64
  Use: Scroll            |     2 |     9 |    13 ||    24
       Potion            |       |       |     1 ||     1
 Stab: Sleeping          |     3 |       |     3 ||     6
  Eat: Chunk             |     3 |     6 |     9 ||    18
       Bread ration      |       |       |     1 ||     1
       Meat ration       |       |       |     1 ||     1
